 Dungeon Crawl Stone Soup version 0.19.0-2-gae57169 (webtiles) character file.

2005 Gingerlord the Skirmisher (level 9, -6/62 HPs)
             Began as a Human Wanderer on Nov 6, 2016.
             Was a Believer of Hepliaklqana.
             Killed by divine providence
             ... invoked by an orc priest
              (14 damage)
             ... on level 8 of the Dungeon.
             The game lasted 00:22:59 (9449 turns).

Gingerlord the Skirmisher (Human Wanderer)          Turns: 9449, Time: 00:23:00

Health: -6/62      AC: 16    Str: 18    XL:     9   Next: 45%
Magic:  9/9        EV: 11    Int: 10    God:    Hepliaklqana [**....]
Gold:   579        SH: 10    Dex: 13    Spells: 0 memorised, 8 levels left

rFire  + . .     SeeInvis +     C - +1 spear
rCold  x . .     Gourm    .     F - +2 ring mail {rPois}
rNeg   . . .     Faith    .     d - +0 shield
rPois  +         Spirit   .     x - +2 helmet
rElec  .         Reflect  .     m - +1 cloak
rCorr  .         Harm     .     y - +0 pair of gloves
MR     .....                    p - +0 pair of boots
Stlth  +.........               (no amulet)
                                H - ring of fire
                                v - ring of see invisible

@: no status effects
A: reduced essence
a: Recall Ancestor, Ancestor Identity, Renounce Religion


You were on level 8 of the Dungeon.
You worshipped Hepliaklqana.
Hepliaklqana was pleased with you.
You were not hungry.

You visited 2 branches of the dungeon, and saw 10 of its levels.
You also visited: Ossuary.

You collected 579 gold pieces.

Inventory:

Hand Weapons
 a - a +2 shortbow
 C - a +1 spear (weapon)
Missiles
 b - 85 arrows
Armour
 d - a +0 shield (worn)
 m - a +1 cloak (worn)
 p - a +0 pair of boots (worn)
 s - a +0 plate armour
 x - a +2 helmet (worn)
 y - a +0 pair of gloves (worn)
 F - a +2 ring mail of poison resistance (worn)
Jewellery
 v - a ring of see invisible (left hand)
 H - a ring of fire (right hand)
Scrolls
 c - a scroll of fog
 i - 3 scrolls of enchant weapon
 j - a scroll of holy word {unknown}
 k - 7 scrolls of remove curse
 o - 3 scrolls of teleportation
 w - 2 scrolls of enchant armour
 G - a scroll of noise {unknown}
Potions
 e - 4 potions of haste
 g - a potion of brilliance
 h - a potion of might
 n - a potion of cure mutation
 r - a potion of berserk rage {unknown}
 t - 4 potions of invisibility
 u - a potion of flight
 z - a potion of agility
 A - 3 potions of heal wounds
 D - a potion of resistance {unknown}
 E - 2 potions of curing
 I - a potion of cancellation {unknown}
Comestibles
 f - 2 bread rations
 l - a beef jerky
 q - 3 meat rations
 B - 7 fruits


   Skills:
 + Level 6.1 Fighting
   Level 1.0 Short Blades
 + Level 5.3 Polearms
 - Level 2.0 Bows
 + Level 5.2 Armour
 + Level 4.8 Dodging
 - Level 1.0 Stealth
 + Level 5.4 Shields


You had 8 spell levels left.
You didn't know any spells.

Dungeon Overview and Level Annotations

Branches:
Dungeon (9/15)             Temple (1/1) D:4
   Lair: D:8-11         Orc: D:9-12

Altars:
Ashenzari
Cheibriados
Dithmenos
Elyvilon
Fedhas
Gozag
Hepliaklqana
Kikubaaqudgha
Makhleb
Nemelex Xobeh
Okawaru
Qazlal
Ru
Sif Muna
Trog
Uskayaw
Vehumet
Xom
Yredelemnul
Zin
The Shining One

Shops:
D:4 [   D:5 }

Annotations:
D:2 Sigmund


Message History

The orc wizard seems to speed up.
The orc priest miscasts a cantrip.
The orc warrior barely misses you.
Unknown command.
You closely miss the orc warrior.
The orc warrior is moderately wounded.
The orc wizard casts a spell.
The orc wizard flickers and vanishes for a moment.
The orc priest mumbles some strange prayers to Beogh against you.
Pain shoots through your body! You block the orc warrior's attack.
Unknown command.
You hit the orc warrior.
The orc warrior is moderately wounded.
You block the orc priest's attack.
Unknown command.
The orc warrior hits you from afar with a trident!
* * * LOW HITPOINT WARNING * * *
The orc priest calls down the wrath of Beogh upon you.
Beogh smites you!
You die...

#..##.##......
#.yo......$...
#...#.##......
#..>:........#
##..#y####...#
#..#y# #
#..#o####.>#
#....Roo...#
#######[#@####.##
..........#
######.### #.#
####.####
#.......#
#.##.##.#
#.####.##.##.# .#
#............# .#


You could see the friendly Gramps the knight, an orc warrior, 2 killer bees, an
orc priest and an orc wizard (invisible).

Vanquished Creatures
  A wraith (Ossuary)
  An ice beast (D:8)
  2 sky beasts
  A black bear (D:6)
  An orc warrior (D:6)
  A centaur (D:7)
  A phantom (D:7)
  A bullfrog (D:7)
  2 scorpions
  A wight (D:6)
  2 crimson imps (D:6)
  A centaur skeleton (D:8)
  An iguana (D:6)
  3 worker ants
  A mummy (Ossuary)
  3 adders (D:3)
  2 gnolls (D:7)
  2 worms
  13 dart slugs
  3 leopard geckos
  15 orcs
  2 bats (D:3)
  5 giant cockroaches
  6 hobgoblins
  10 jackals
  3 quokkas
  2 ball pythons
  8 frilled lizards
  7 gnoll skeletons (Ossuary)
  4 goblins
  7 kobolds
  7 kobold skeletons (Ossuary)
  11 orc skeletons (Ossuary)
  10 rats
140 creatures vanquished.

Vanquished Creatures (collateral kills)
  Menkaure (D:7)
  An ice beast (D:6)
  A scorpion (D:8)
  2 wights (D:6)
  3 crimson imps
  A jelly (D:6)
  An iguana (D:6)
  2 worker ants (D:6)
  2 orc wizards
  A hound zombie (D:5)
  A gnoll (D:7)
  A shadow imp (D:7)
  An ooze (D:5)
  An adder zombie (D:6)
  A worm (D:4)
  6 orcs
  A jackal (D:5)
27 creatures vanquished.

Vanquished Creatures (others)
  An ancestor (D:6)
  A knight (D:7)
2 creatures vanquished.

Grand Total: 169 creatures vanquished

Notes
Turn   | Place    | Note
-------+----------+-------------------------------------------
     0 | D:1      | Gingerlord the Human Wanderer began the quest for the Orb.
     0 | D:1      | Gingerlord set off with: a +2 shortbow, 24 arrows, a +0 ring mail, a +0 shield, a bread ration
     0 | D:1      | Reached XP level 1. HP: 18/18 MP: 1/1
   338 | D:1      | Reached XP level 2. HP: 24/24 MP: 2/2
   574 | D:1      | Reached XP level 3. HP: 16/29 MP: 3/3
  1172 | D:2      | Reached skill level 1 in Dodging
  1328 | D:2      | Noticed Sigmund
  2163 | D:3      | Reached XP level 4. HP: 35/35 MP: 4/4
  2804 | D:3      | Reached XP level 5. HP: 17/42 MP: 5/5
  3830 | D:4      | Reached skill level 1 in Polearms
  4163 | D:4      | Found a staircase to the Ecumenical Temple.
  4223 | Temple   | Entered the Ecumenical Temple
  4269 | Temple   | Became a worshipper of Hepliaklqana the Forgotten
  4513 | D:4      | Reached skill level 4 in Fighting
  4647 | D:4      | Reached XP level 6. HP: 15/43 MP: 6/6
  5000 | D:4      | Found Kuah's Antique Armour Emporium.
  5075 | D:5      | Entered Level 5 of the Dungeon
  5296 | D:5      | Found Tokaf's Gadget Emporium.
  5705 | D:5      | Reached * piety under Hepliaklqana
  5900 | D:6      | Found a sand-covered staircase.
  5921 | Ossuary  | Entered an ossuary
  5921 | Ossuary  | Noticed a wraith
  5921 | Ossuary  | Noticed a wraith
  5921 | Ossuary  | Noticed a wraith
  6145 | Ossuary  | Reached XP level 7. HP: 49/49 MP: 7/7
  6185 | Ossuary  | Noticed a wraith
  6230 | Ossuary  | Killed a wraith
  6267 | D:6      | Found a glowing silver altar of Zin.
  6457 | D:6      | Reached skill level 5 in Fighting
  6457 | D:6      | Reached XP level 8. HP: 52/55 MP: 8/8
  7883 | D:7      | Noticed Menkaure
  7885 | D:7      | Reached ** piety under Hepliaklqana
  7886 | D:7      | Remembered your ancestor Gramps as a knight
  7889 | D:7      | Killed Menkaure
  8535 | D:7      | Reached XP level 9. HP: 55/62 MP: 9/9
  8547 | D:7      | Reached skill level 5 in Shields
  8713 | D:8      | Reached skill level 5 in Polearms
  8713 | D:8      | Reached skill level 5 in Armour
  8830 | D:8      | Reached skill level 6 in Fighting
  8959 | D:8      | Identified Seyh's Thaumaturgy in Simple Steps
  9449 | D:8      | Killed from afar by an orc priest

Skill      XL: |  1  2  3  4  5  6  7  8  9 |
---------------+----------------------------+-----
Dodging        | 1 2 3 4 |  4.8
Armour         | 2 3 4 5 |  5.2
Polearms       | 1 2 3 4 5 |  5.3
Fighting       | 4 5 6 |  6.1
Shields        | 3 4 5 |  5.4
Short Blades   | |  1.0
Bows           | |  2.0
Stealth        | |  1.0

Action                   |  1- 3 |  4- 6 |  7- 9 || total
-------------------------+-------+-------+-------++-------
Melee: Spear             |       |   478 |   384 ||   862
 Fire: Shortbow          |    99 |    17 |       ||   116
Invok: Ancestor Identity |       |     1 |       ||     1
       Recall Ancestor   |       |       |     3 ||     3
       Ancestor Life: Kn |       |       |     1 ||     1
  Use: Potion            |       |     6 |     3 ||     9
       Scroll            |       |    11 |     6 ||    17
 Stab: Distracted        |       |     3 |     1 ||     4
  Eat: Chunk             |     3 |     7 |     2 ||    12
       Bread ration      |       |     1 |     2 ||     3
       Beef jerky        |       |     1 |     2 ||     3
       Fruit             |       |       |     1 ||     1
Armor: Ring mail         |    18 |   174 |   133 ||   325
Dodge: Dodged            |    19 |   153 |   136 ||   308
Block: Shield            |       |   185 |   127 ||   312
